| TOP OF THE 1ST |
|
New York Mets batting - Pitching for Colorado Rockies : RHP Gabe Stokes
|
|
Pitching: RHP Gabe Stokes
|
|
|
Batting: LHB Kevin Bellman
|
0-0: Called Strike 0-1: Ball 1-1: Ball 2-1: SOLO HOME RUN (Flyball, 9D, EV 108.1 MPH), Distance : 414 ft
|
|
Batting: LHB Chris Ringwood
|
0-0: Called Strike 0-1: Foul Ball, location: 2F 0-2: Ball 1-2: Strikes out swinging
|
|
Batting: SHB Sean Cook
|
0-0: Foul Ball, location: 2F 0-1: DOUBLE (Flyball, 8RXD, EV 91.2 MPH)
|
|
Batting: SHB Nelle van den Berg
|
0-0: Ball 1-0: Foul Ball, location: 2F 1-1: DOUBLE (Line Drive, 9LS, EV 104.4 MPH) Sean Cook scores
|
|
Batting: RHB Josh Jones
|
0-0: Ball 1-0: Ground out 5-3 (Groundball, 5, EV 98.8 MPH)
|
|
Batting: RHB Drtian Thaqi
|
0-0: Ball 1-0: Called Strike 1-1: Foul Ball, location: 2F 1-2: Strikes out swinging
|
| Top of the 1st over - 2 runs, 3 hits, 0 errors, 1 left on base; New York 2 - Colorado 0 |
| BOTTOM OF THE 1ST |
|
Colorado Rockies batting - Pitching for New York Mets : RHP Billy McIntyre
|
|
Pitching: RHP Billy McIntyre
|
|
|
Batting: RHB Cesar Breceda
|
0-0: Foul Ball, location: 2F 0-1: Swinging Strike 0-2: Foul Ball, location: 2F 0-2: Ball 1-2: Ball 2-2: SINGLE (Flyball, 7S, EV 90.6 MPH)
|
|
Batting: SHB Eddie Quinones
|
0-0: Ball 1-0: Called Strike Cesar Breceda steals 2nd base (no throw) 1-1: Foul Ball, location: 2F 1-2: Ground out 4-3 (Groundball, 4, EV 106.9 MPH) Cesar Breceda to third
|
|
Batting: SHB Jerry Luckwell
|
0-0: Foul Ball, location: 2F 0-1: Ball 1-1: 2-RUN HOME RUN (Flyball, 78XD, EV 103.8 MPH), Distance : 397 ft
|
|
Batting: RHB Henry Alvizo
|
0-0: Ground out 5-3 (Groundball, 56S, EV 80.0 MPH)
|
|
Batting: LHB Andy Bowman
|
0-0: Ball 1-0: Called Strike 1-1: Foul Ball, location: 2F 1-2: Ball 2-2: Ball 3-2: Strikes out swinging
|
| Bottom of the 1st over - 2 runs, 2 hits, 0 errors, 0 left on base; New York 2 - Colorado 2 |
| TOP OF THE 2ND |
|
New York Mets batting - Pitching for Colorado Rockies : RHP Gabe Stokes
|
|
Batting: SHB Roberto Magne
|
0-0: Foul Ball, location: 2F 0-1: Called Strike 0-2: Ball 1-2: Ground out 5-3 (Groundball, 5, EV 106.2 MPH)
|
|
Batting: LHB Fabiano Perrolas
|
0-0: Swinging Strike 0-1: Ball 1-1: Foul Ball, location: 2F 1-2: Foul Ball, location: 2F 1-2: Strikes out swinging
|
|
Batting: RHB Finn Ross
|
0-0: Fly out, F7 (Flyball, 7, EV 90.6 MPH)
|
| Top of the 2nd over - 0 runs, 0 hits, 0 errors, 0 left on base; New York 2 - Colorado 2 |
| BOTTOM OF THE 2ND |
|
Colorado Rockies batting - Pitching for New York Mets : RHP Billy McIntyre
|
|
Batting: LHB Bi-jun Chien
|
0-0: Called Strike 0-1: Called Strike 0-2: Strikes out swinging
|
|
Batting: SHB Jon Munoz
|
0-0: Ball 1-0: Called Strike 1-1: Ball 2-1: Ground out 5-3 (Groundball, 56, EV 78.8 MPH)
|
|
Batting: LHB Greg Valenzuela
|
0-0: Foul Ball, location: 2F 0-1: Ball 1-1: Swinging Strike 1-2: Ground out 4-3 (Groundball, 4, EV 87.5 MPH)
|
| Bottom of the 2nd over - 0 runs, 0 hits, 0 errors, 0 left on base; New York 2 - Colorado 2 |
| TOP OF THE 3RD |
|
New York Mets batting - Pitching for Colorado Rockies : RHP Gabe Stokes
|
|
Batting: LHB Kevin Bellman
|
0-0: Called Strike 0-1: Ball 1-1: Ball 2-1: DOUBLE (Line Drive, 89XD, EV 110.0 MPH)
|
|
Batting: LHB Chris Ringwood
|
0-0: Ball 1-0: Swinging Strike 1-1: Swinging Strike 1-2: Ball 2-2: Strikes out swinging
|
|
Batting: SHB Sean Cook
|
0-0: Foul Ball, location: 2F 0-1: Called Strike Balk! Kevin Bellman to third 0-2: Strikes out swinging
|
|
Batting: SHB Nelle van den Berg
|
0-0: Swinging Strike 0-1: Fly out, F9 (Line Drive, 9D, EV 98.1 MPH)
|
| Top of the 3rd over - 0 runs, 1 hit, 0 errors, 1 left on base; New York 2 - Colorado 2 |
| BOTTOM OF THE 3RD |
|
Colorado Rockies batting - Pitching for New York Mets : RHP Billy McIntyre
|
|
Batting: SHB Andy Vivas
|
0-0: Ball 1-0: Called Strike 1-1: Ball 2-1: Ball 3-1: Ground out 6-3 (Groundball, 6, EV 88.1 MPH)
|
|
Batting: RHB Cesar Breceda
|
0-0: Foul Ball, location: 2F 0-1: Ball 1-1: Ball 2-1: Ball 3-1: Base on Balls
|
|
Batting: SHB Eddie Quinones
|
0-0: Foul Ball, location: 2F 0-1: Ball 1-1: Ball 2-1: Ball 3-1: Called Strike 3-2: Strikes out swinging
|
|
Batting: SHB Jerry Luckwell
|
0-0: Ball 1-0: Called Strike 1-1: 2-RUN HOME RUN (Flyball, 7D, EV 98.1 MPH), Distance : 377 ft
|
|
Batting: RHB Henry Alvizo
|
0-0: Called Strike 0-1: SOLO HOME RUN (Flyball, 78XD, EV 103.8 MPH), Distance : 409 ft
|
|
Batting: LHB Andy Bowman
|
0-0: Foul Ball, location: 2F 0-1: Ball 1-1: Ground out 4-3 (Groundball, 4, EV 84.4 MPH)
|
| Bottom of the 3rd over - 3 runs, 2 hits, 0 errors, 0 left on base; New York 2 - Colorado 5 |
| TOP OF THE 4TH |
|
New York Mets batting - Pitching for Colorado Rockies : RHP Gabe Stokes
|
|
Batting: RHB Josh Jones
|
0-0: Fly out, F4 (Popup, 4S, EV 73.8 MPH)
|
|
Batting: RHB Drtian Thaqi
|
0-0: Ball 1-0: Called Strike 1-1: Foul Ball, location: 2F 1-2: Strikes out looking
|
|
Batting: SHB Roberto Magne
|
0-0: Called Strike 0-1: Foul Ball, location: 2F 0-2: Ball 1-2: Strikes out looking
|
| Top of the 4th over - 0 runs, 0 hits, 0 errors, 0 left on base; New York 2 - Colorado 5 |
| BOTTOM OF THE 4TH |
|
Colorado Rockies batting - Pitching for New York Mets : RHP Billy McIntyre
|
|
Pitching: RHP Matt Laverty
|
|
|
Batting: LHB Bi-jun Chien
|
0-0: Ball 1-0: Ball 2-0: Swinging Strike 2-1: Ball 3-1: Ground out 6-3 (Groundball, 56, EV 85.6 MPH)
|
|
Batting: SHB Jon Munoz
|
0-0: Foul Ball, location: 2F 0-1: Fly out, F8 (Flyball, 8RS, EV 90.6 MPH)
|
|
Batting: LHB Greg Valenzuela
|
0-0: Called Strike 0-1: Ball 1-1: Foul Ball, location: 2F 1-2: Strikes out swinging
|
| Bottom of the 4th over - 0 runs, 0 hits, 0 errors, 0 left on base; New York 2 - Colorado 5 |
| TOP OF THE 5TH |
|
New York Mets batting - Pitching for Colorado Rockies : RHP Gabe Stokes
|
|
Batting: LHB Fabiano Perrolas
|
0-0: Foul Ball, location: 2F 0-1: Called Strike 0-2: Ball 1-2: Strikes out swinging
|
|
Batting: RHB Finn Ross
|
0-0: Bunted foul 0-1: Ball 1-1: Ground out 6-3 (Groundball, 6, EV 105.0 MPH)
|
|
Batting: LHB Kevin Bellman
|
0-0: SINGLE (Groundball, 56D, EV 94.4 MPH)
|
|
Batting: LHB Chris Ringwood
|
0-0: Called Strike Kevin Bellman is caught stealing 2nd base 2-6
|
| Top of the 5th over - 0 runs, 1 hit, 0 errors, 0 left on base; New York 2 - Colorado 5 |
| BOTTOM OF THE 5TH |
|
Colorado Rockies batting - Pitching for New York Mets : RHP Matt Laverty
|
|
Batting: SHB Andy Vivas
|
0-0: Foul Ball, location: 2F 0-1: Ball 1-1: Called Strike 1-2: Foul Ball, location: 2F 1-2: Ball 2-2: Strikes out swinging
|
|
Batting: RHB Cesar Breceda
|
0-0: Ball 1-0: Called Strike 1-1: Ball 2-1: Ball 3-1: Swinging Strike 3-2: SOLO HOME RUN (Flyball, 7D, EV 98.1 MPH), Distance : 381 ft
|
|
Batting: SHB Eddie Quinones
|
0-0: Called Strike 0-1: Ball 1-1: Ball 2-1: Foul Ball, location: 2F 2-2: Ball 3-2: Base on Balls
|
|
Batting: SHB Jerry Luckwell
|
0-0: Ball 1-0: Ball 2-0: Foul Ball, location: 2F 2-1: Ball 3-1: Base on Balls Eddie Quinones to second
|
|
Batting: RHB Henry Alvizo
|
0-0: Called Strike Eddie Quinones steals 3rd base Jerry Luckwell to second 0-1: Ball 1-1: Ball 2-1: Called Strike 2-2: SINGLE (Flyball, 8RS, EV 88.1 MPH) Eddie Quinones scores Jerry Luckwell to third Runner from 3rd tries for Home, SAFE, throw by CF to home
|
|
Pitching: RHP Marc Maniu
|
|
|
Batting: LHB Andy Bowman
|
0-0: Ball 1-0: Ball 2-0: Called Strike 2-1: Swinging Strike 2-2: Strikes out swinging
|
|
Batting: LHB Bi-jun Chien
|
0-0: Called Strike 0-1: Swinging Strike 0-2: Ball 1-2: Ball 2-2: Fielders Choice at 2nd, 6-4 (Groundball, 6, EV 104.4 MPH)
|
| Bottom of the 5th over - 3 runs, 2 hits, 0 errors, 1 left on base; New York 2 - Colorado 8 |
| TOP OF THE 6TH |
|
New York Mets batting - Pitching for Colorado Rockies : RHP Gabe Stokes
|
|
Batting: LHB Chris Ringwood
|
0-0: Ball 1-0: Ball 2-0: Foul Ball, location: 2F 2-1: Ball 3-1: Base on Balls
|
|
Batting: SHB Sean Cook
|
0-0: Foul Ball, location: 2F 0-1: Swinging Strike 0-2: Ball 1-2: Strikes out swinging
|
|
Batting: SHB Nelle van den Berg
|
0-0: Ball 1-0: Foul Ball, location: 2F 1-1: Called Strike 1-2: Foul Ball, location: 2F 1-2: Foul Ball, location: 2F 1-2: Strikes out swinging
|
|
Batting: RHB Josh Jones
|
0-0: Ball 1-0: Foul Ball, location: 2F 1-1: SINGLE (Flyball, 4D, EV 95.0 MPH) Chris Ringwood to second Runner from 2nd tries for 3rd, SAFE, throw by RF made to third
|
|
Batting: RHB Drtian Thaqi
|
0-0: Called Strike 0-1: Ball 1-1: Fielders Choice at 2nd, 5-4 (Groundball, 56, EV 84.4 MPH)
|
| Top of the 6th over - 0 runs, 1 hit, 0 errors, 2 left on base; New York 2 - Colorado 8 |
| BOTTOM OF THE 6TH |
|
Colorado Rockies batting - Pitching for New York Mets : RHP Marc Maniu
|
|
Batting: SHB Jon Munoz
|
0-0: Ball 1-0: Called Strike 1-1: Ball 2-1: Called Strike 2-2: TRIPLE (Groundball, 5L, EV 105.0 MPH)
|
|
Batting: LHB Greg Valenzuela
|
0-0: Ball 1-0: Fly out, F7 (Flyball, 7LM, EV 98.8 MPH) Runner from 3rd tags up, OUT at HOME! 7-2
|
|
Batting: SHB Andy Vivas
|
0-0: Ball 1-0: Swinging Strike 1-1: Ball 2-1: Called Strike 2-2: Ball 3-2: DOUBLE (Flyball, 89D, EV 88.8 MPH)
|
|
Batting: RHB Cesar Breceda
|
0-0: Called Strike 0-1: Ball 1-1: Called Strike 1-2: Strikes out swinging
|
| Bottom of the 6th over - 0 runs, 2 hits, 0 errors, 1 left on base; New York 2 - Colorado 8 |
| TOP OF THE 7TH |
|
New York Mets batting - Pitching for Colorado Rockies : RHP Gabe Stokes
|
|
Batting: SHB Roberto Magne
|
0-0: Ball 1-0: Swinging Strike 1-1: Foul Ball, location: 2F 1-2: Strikes out looking
|
|
Batting: LHB Fabiano Perrolas
|
0-0: Ball 1-0: Called Strike 1-1: Ball 2-1: Foul Ball, location: 2F 2-2: Strikes out swinging, 2-3 out at first.
|
|
Batting: RHB Finn Ross
|
0-0: Fly out, F9 (Line Drive, 9S, EV 90.6 MPH)
|
| Top of the 7th over - 0 runs, 0 hits, 0 errors, 0 left on base; New York 2 - Colorado 8 |
| BOTTOM OF THE 7TH |
|
Colorado Rockies batting - Pitching for New York Mets : RHP Marc Maniu
|
|
Batting: SHB Eddie Quinones
|
0-0: Ball 1-0: Ball 2-0: Foul Ball, location: 2F 2-1: DOUBLE (Groundball, 3D, EV 100.6 MPH)
|
|
Batting: SHB Jerry Luckwell
|
0-0: Ball 1-0: Ball 2-0: Called Strike 2-1: Ball 3-1: SINGLE (Line Drive, 6MD, EV 95.0 MPH) Eddie Quinones to third Runner from 3rd tries for Home, SAFE, throw by CF to home
|
|
Pinch Hitting: RHB Justin Williams
|
0-0: Ball 1-0: Fly out, F7 (Flyball, 78XD, EV 99.4 MPH)
|
|
Pitching: LHP Ryan Price
|
|
|
Batting: LHB Andy Bowman
|
0-0: Ball Jerry Luckwell is caught stealing 2nd base 2-6 1-0: Called Strike 1-1: Called Strike 1-2: Ball 2-2: Ball 3-2: Base on Balls
|
|
Batting: LHB Bi-jun Chien
|
0-0: Ground out 1-3 (Groundball, 15S, EV 71.9 MPH)
|
| Bottom of the 7th over - 1 run, 2 hits, 0 errors, 1 left on base; New York 2 - Colorado 9 |
| TOP OF THE 8TH |
|
New York Mets batting - Pitching for Colorado Rockies : RHP Gabe Stokes
|
|
Now at 3B: Justin Williams
|
|
|
Batting: LHB Kevin Bellman
|
0-0: Ball 1-0: Called Strike 1-1: Ball 2-1: Foul Ball, location: 2F 2-2: Ball 3-2: Base on Balls
|
|
Batting: LHB Chris Ringwood
|
0-0: Called Strike 0-1: Ball 1-1: Foul Ball, location: 2F 1-2: Strikes out swinging
|
|
Pitching: RHP Jaden Mackey
|
|
|
Pinch Hitting: RHB Antonio Aranda
|
0-0: Ball 1-0: Ball 2-0: Foul Ball, location: 2F 2-1: Called Strike 2-2: Strikes out swinging
|
|
Batting: SHB Nelle van den Berg
|
0-0: Called Strike 0-1: Foul Ball, location: 2F 0-2: Ball 1-2: Foul Ball, location: 2F 1-2: Strikes out swinging
|
| Top of the 8th over - 0 runs, 0 hits, 0 errors, 1 left on base; New York 2 - Colorado 9 |
| BOTTOM OF THE 8TH |
|
Colorado Rockies batting - Pitching for New York Mets : LHP Ryan Price
|
|
Now in CF: Antonio Aranda
|
|
|
Now in RF: Finn Ross
|
|
|
Batting: SHB Jon Munoz
|
0-0: Foul Ball, location: 2F 0-1: Swinging Strike 0-2: Ball 1-2: Ball 2-2: Ball 3-2: Fly out, F2 (Popup, 15S, EV 78.1 MPH)
|
|
Batting: LHB Greg Valenzuela
|
0-0: Ball 1-0: Ball 2-0: Called Strike 2-1: Called Strike 2-2: Strikes out swinging
|
|
Batting: SHB Andy Vivas
|
0-0: Ball 1-0: Called Strike 1-1: Ball 2-1: SINGLE (Line Drive, 3D, EV 95.6 MPH)
|
|
Batting: RHB Cesar Breceda
|
0-0: Swinging Strike 0-1: Ball 1-1: Ball 2-1: Swinging Strike 2-2: Strikes out swinging
|
| Bottom of the 8th over - 0 runs, 1 hit, 0 errors, 1 left on base; New York 2 - Colorado 9 |
| TOP OF THE 9TH |
|
New York Mets batting - Pitching for Colorado Rockies : RHP Jaden Mackey
|
|
Batting: RHB Josh Jones
|
0-0: Ball 1-0: Fly out, F8 (Flyball, 89D, EV 93.1 MPH)
|
|
Batting: RHB Drtian Thaqi
|
0-0: Ball 1-0: Ball 2-0: Foul Ball, location: 2F 2-1: SINGLE (Line Drive, 8LS, EV 96.2 MPH)
|
|
Batting: SHB Roberto Magne
|
0-0: Ball 1-0: Ball 2-0: Fly out, F8 (Flyball, 8RM, EV 90.6 MPH)
|
|
Batting: LHB Fabiano Perrolas
|
0-0: Ball 1-0: Swinging Strike 1-1: Ball 2-1: Ball 3-1: Base on Balls Drtian Thaqi to second
|
|
Batting: RHB Finn Ross
|
0-0: Foul Ball, location: 2F 0-1: SINGLE (Line Drive, 7S, EV 90.6 MPH) Drtian Thaqi to third Fabiano Perrolas to second
|
|
Batting: LHB Kevin Bellman
|
0-0: Ball 1-0: Foul Ball, location: 2F 1-1: Swinging Strike 1-2: Ball 2-2: Foul Ball, location: 2F 2-2: Foul Ball, location: 2F 2-2: Ball 3-2: DOUBLE (Line Drive, 89D, EV 105.0 MPH) Drtian Thaqi scores Fabiano Perrolas scores Finn Ross to third Finn Ross scores
|
|
Pitching: RHP Jim Butler
|
|
|
Batting: LHB Chris Ringwood
|
0-0: Ball 1-0: Ground out 3-1 (Groundball, 34, EV 76.9 MPH)
|
| Top of the 9th over - 3 runs, 3 hits, 0 errors, 1 left on base; New York 5 - Colorado 9 |
|